TOP OF THE 1ST |
Waba Ducks batting - Pitching for Detroit X-Wings : RHP John Thompson
|
Pitching: RHP John Thompson
|
|
Batting: RHB Pedro Molina
|
0-0: Called Strike 0-1: Foul Ball, location: 2F 0-2: Ball 1-2: Foul Ball, location: 2F 1-2: Strikes out swinging
|
Batting: RHB Don Keating
|
0-0: Ball 1-0: Ball 2-0: Fly out, F8 (Flyball, 8LD)
|
Batting: LHB Joaquín González
|
0-0: Ball 1-0: Foul Ball, location: 2F 1-1: Foul Ball, location: 2F 1-2: Ball 2-2: Fly out, F5 (Popup, 5D)
|
Top of the 1st over - 0 run(s), 0 hit(s), 0 error(s), 0 left on base; Waba 0 - Detroit 0 |
BOTTOM OF THE 1ST |
Detroit X-Wings batting - Pitching for Waba Ducks : RHP Miguel Guerrero
|
Pitching: RHP Miguel Guerrero
|
|
Batting: RHB Yoshitsune Kamida
|
0-0: Ball 1-0: Swinging Strike 1-1: Ball 2-1: Fly out, F9 (Flyball, 9M)
|
Batting: SHB Felipe Detorres
|
0-0: Ball 1-0: Reached on error, E5 (Groundball, 56)
|
Batting: RHB Chet Decker
|
0-0: Called Strike 0-1: Swinging Strike 0-2: Foul Ball, location: 2F 0-2: Foul Ball, location: 2F 0-2: Ball Felipe Detorres steals 2nd base 1-2: Strikes out swinging
|
Batting: LHB Juan Jose Pineda
|
0-0: Called Strike 0-1: Foul Ball, location: 2F 0-2: Ball 1-2: Ball 2-2: Ball 3-2: Ground out 4-3 (Groundball, 34)
|
Bottom of the 1st over - 0 run(s), 0 hit(s), 1 error(s), 1 left on base; Waba 0 - Detroit 0 |
TOP OF THE 2ND |
Waba Ducks batting - Pitching for Detroit X-Wings : RHP John Thompson
|
Batting: RHB Chris Osborn
|
0-0: Ball 1-0: Fly out, F3 (Popup, 3)
|
Batting: LHB Joe Sanders
|
0-0: Ball 1-0: Called Strike 1-1: Foul Ball, location: 2F 1-2: Foul Ball, location: 2F 1-2: Ball 2-2: Ball 3-2: Foul Ball, location: 2F 3-2: SINGLE (Groundball, 34D)
|
Batting: RHB Ed Small
|
0-0: Ball 1-0: Foul Ball, location: 2F 1-1: Swinging Strike 1-2: Ball 2-2: Fly out, F8 (Flyball, 8RM)
|
Batting: RHB Ramón Torres
|
0-0: Ball 1-0: Ball 2-0: Ball 3-0: Base on Balls Joe Sanders to second
|
Batting: RHB Ángelo García
|
0-0: Called Strike 0-1: Ball 1-1: Fly out, F8 (Flyball, 8RM)
|
Top of the 2nd over - 0 run(s), 1 hit(s), 0 error(s), 2 left on base; Waba 0 - Detroit 0 |
BOTTOM OF THE 2ND |
Detroit X-Wings batting - Pitching for Waba Ducks : RHP Miguel Guerrero
|
Batting: SHB Jaime Montés
|
0-0: Called Strike 0-1: Foul Ball, location: 2F 0-2: Ball 1-2: Foul Ball, location: 2F 1-2: Foul Ball, location: 2F 1-2: Ground out 3-1 (Groundball, 34S)
|
Batting: RHB Domingo Ávila
|
0-0: Called Strike 0-1: Called Strike 0-2: Hit by Pitch
|
Batting: RHB Ernesto Acosta
|
0-0: DOUBLE (Flyball, 8LXD) Domingo Ávila to third
|
Batting: LHB Jeremy Cox
|
0-0: Called Strike 0-1: Fly out, F8 (Flyball, 78M)
|
Batting: LHB Luis Padilla
|
0-0: Fly out, F7 (Flyball, 7M)
|
Bottom of the 2nd over - 0 run(s), 1 hit(s), 0 error(s), 2 left on base; Waba 0 - Detroit 0 |
TOP OF THE 3RD |
Waba Ducks batting - Pitching for Detroit X-Wings : RHP John Thompson
|
Batting: RHB António Valdéz
|
0-0: SINGLE (Groundball, 56D)
|
Batting: RHB Pedro Molina
|
0-0: Fly out, F3 (Popup, 3SF)
|
Batting: RHB Don Keating
|
0-0: Ball 1-0: 2-RUN HOME RUN (Flyball, 7D), Distance : 373 ft
|
Batting: LHB Joaquín González
|
0-0: Called Strike 0-1: Fly out, F7 (Flyball, 7S)
|
Batting: RHB Chris Osborn
|
0-0: Ball 1-0: Ball 2-0: Ball 3-0: Base on Balls
|
Batting: LHB Joe Sanders
|
0-0: Called Strike 0-1: Foul Ball, location: 2F 0-2: Ball 1-2: Ground out 6-3 (Groundball, 6)
|
Top of the 3rd over - 2 run(s), 2 hit(s), 0 error(s), 1 left on base; Waba 2 - Detroit 0 |
BOTTOM OF THE 3RD |
Detroit X-Wings batting - Pitching for Waba Ducks : RHP Miguel Guerrero
|
Batting: RHB Yoshitsune Kamida
|
0-0: Ball 1-0: Fly out, F4 (Line Drive, 4)
|
Batting: SHB Felipe Detorres
|
0-0: Ball 1-0: Called Strike 1-1: Called Strike 1-2: Strikes out looking
|
Batting: RHB Chet Decker
|
0-0: Fly out, F9 (Flyball, 9D)
|
Bottom of the 3rd over - 0 run(s), 0 hit(s), 0 error(s), 0 left on base; Waba 2 - Detroit 0 |
TOP OF THE 4TH |
Waba Ducks batting - Pitching for Detroit X-Wings : RHP John Thompson
|
Batting: RHB Ed Small
|
0-0: Ball 1-0: Called Strike 1-1: Foul Ball, location: 2F 1-2: Ball 2-2: Ball 3-2: Strikes out swinging
|
Batting: RHB Ramón Torres
|
0-0: Ball 1-0: Ground out U3 (Groundball, 3)
|
Batting: RHB Ángelo García
|
0-0: Called Strike 0-1: Fly out, F9 (Flyball, 89M)
|
Top of the 4th over - 0 run(s), 0 hit(s), 0 error(s), 0 left on base; Waba 2 - Detroit 0 |
BOTTOM OF THE 4TH |
Detroit X-Wings batting - Pitching for Waba Ducks : RHP Miguel Guerrero
|
Batting: LHB Juan Jose Pineda
|
0-0: Swinging Strike 0-1: Ball 1-1: Ground out 4-3 (Groundball, 4)
|
Batting: SHB Jaime Montés
|
0-0: Foul Ball, location: 2F 0-1: Swinging Strike 0-2: Ground out 3-1 (Groundball, 34)
|
Batting: RHB Domingo Ávila
|
0-0: Ball 1-0: Foul Ball, location: 2F 1-1: Called Strike 1-2: Ball 2-2: Strikes out swinging
|
Bottom of the 4th over - 0 run(s), 0 hit(s), 0 error(s), 0 left on base; Waba 2 - Detroit 0 |
TOP OF THE 5TH |
Waba Ducks batting - Pitching for Detroit X-Wings : RHP John Thompson
|
Batting: RHB António Valdéz
|
0-0: Ground out 1-3 (Groundball, 15)
|
Batting: RHB Pedro Molina
|
0-0: Called Strike 0-1: Called Strike 0-2: Strikes out swinging
|
Batting: RHB Don Keating
|
0-0: Ball 1-0: Called Strike 1-1: Ball 2-1: Ball 3-1: Called Strike 3-2: Strikes out swinging
|
Top of the 5th over - 0 run(s), 0 hit(s), 0 error(s), 0 left on base; Waba 2 - Detroit 0 |
BOTTOM OF THE 5TH |
Detroit X-Wings batting - Pitching for Waba Ducks : RHP Miguel Guerrero
|
Batting: RHB Ernesto Acosta
|
0-0: Ball 1-0: Ball 2-0: Ball 3-0: Called Strike 3-1: Base on Balls
|
Batting: LHB Jeremy Cox
|
0-0: Ball 1-0: Called Strike 1-1: Fielders Choice at 2nd, 5-4 (Groundball, 5)
|
Batting: LHB Luis Padilla
|
0-0: Ball 1-0: Ground out 4-3 (Groundball, 4MS) Jeremy Cox to second
|
Batting: RHB Yoshitsune Kamida
|
0-0: Swinging Strike 0-1: Foul Ball, location: 2F 0-2: Strikes out swinging
|
Bottom of the 5th over - 0 run(s), 0 hit(s), 0 error(s), 1 left on base; Waba 2 - Detroit 0 |
TOP OF THE 6TH |
Waba Ducks batting - Pitching for Detroit X-Wings : RHP John Thompson
|
Batting: LHB Joaquín González
|
0-0: Reached on error, E4 (Groundball, 4)
|
Batting: RHB Chris Osborn
|
0-0: Ball 1-0: Ball 2-0: Called Strike 2-1: Ball 3-1: Swinging Strike 3-2: Foul Ball, location: 2F 3-2: 2-RUN HOME RUN (Flyball, 8RXD), Distance : 405 ft
|
Pitching: RHP Carlos Díaz
|
|
Batting: LHB Joe Sanders
|
0-0: Swinging Strike 0-1: Ball 1-1: Ball 2-1: Foul Ball, location: 2F 2-2: Strikes out swinging
|
Batting: RHB Ed Small
|
0-0: Ball 1-0: Foul Ball, location: 2F 1-1: Foul Ball, location: 2F 1-2: Strikes out looking
|
Batting: RHB Ramón Torres
|
0-0: Ball 1-0: Called Strike 1-1: Called Strike 1-2: Ball 2-2: SINGLE (Line Drive, 7LS)
|
Batting: RHB Ángelo García
|
0-0: Ball 1-0: Called Strike 1-1: Ball 2-1: Ball 3-1: SINGLE (Line Drive, 8RS) Ramón Torres to second
|
Batting: RHB António Valdéz
|
0-0: Called Strike 0-1: Foul Ball, location: 2F 0-2: Strikes out swinging
|
Top of the 6th over - 2 run(s), 3 hit(s), 1 error(s), 2 left on base; Waba 4 - Detroit 0 |
BOTTOM OF THE 6TH |
Detroit X-Wings batting - Pitching for Waba Ducks : RHP Miguel Guerrero
|
Batting: SHB Felipe Detorres
|
0-0: Fly out, F7 (Flyball, 7S)
|
Batting: RHB Chet Decker
|
0-0: Called Strike 0-1: Ball 1-1: SINGLE (Line Drive, 6MD)
|
Batting: LHB Juan Jose Pineda
|
0-0: Swinging Strike 0-1: SINGLE (Groundball, 34D) (infield hit) Chet Decker to second
|
Batting: SHB Jaime Montés
|
0-0: Ball 1-0: Ball 2-0: Ball 3-0: Called Strike 3-1: Base on Balls Chet Decker to third Juan Jose Pineda to second
|
Batting: RHB Domingo Ávila
|
0-0: Ball 1-0: Ball 2-0: Ball 3-0: Base on Balls Chet Decker scores Juan Jose Pineda to third Jaime Montés to second
|
Batting: RHB Ernesto Acosta
|
0-0: Called Strike 0-1: Ball 1-1: Ball 2-1: Ball 3-1: SINGLE (Line Drive, 78S) Juan Jose Pineda scores Jaime Montés to third Domingo Ávila to second
|
Batting: LHB Jeremy Cox
|
0-0: Foul Ball, location: 2F 0-1: Ball Reached via error on a dropped throw, E4 Jaime Montés scores Domingo Ávila to third Ernesto Acosta to second
|
Pitching: LHP Felipe Rivera
|
|
Batting: LHB Luis Padilla
|
0-0: Ball 1-0: Called Strike 1-1: Called Strike 1-2: Ball 2-2: Ball 3-2: Strikes out swinging
|
Batting: RHB Yoshitsune Kamida
|
0-0: Ball 1-0: Foul Ball, location: 2F 1-1: Called Strike 1-2: Ball 2-2: Ball 3-2: Ground out 6-3 (Groundball, 6M)
|
Bottom of the 6th over - 3 run(s), 3 hit(s), 1 error(s), 3 left on base; Waba 4 - Detroit 3 |
TOP OF THE 7TH |
Waba Ducks batting - Pitching for Detroit X-Wings : RHP Carlos Díaz
|
Batting: RHB Pedro Molina
|
0-0: Called Strike 0-1: Ball 1-1: Ball 2-1: Ball 3-1: Base on Balls
|
Batting: RHB Don Keating
|
0-0: Sac Bunt - play at first, batter OUT! 1-4 Pedro Molina to second
|
Batting: LHB Joaquín González
|
0-0: Ball 1-0: Foul Ball, location: 2F 1-1: Swinging Strike 1-2: Foul Ball, location: 2F 1-2: Strikes out looking
|
Batting: RHB Chris Osborn
|
0-0: Ball 1-0: Ball 2-0: Called Strike 2-1: Ball 3-1: Base on Balls
|
Batting: LHB Joe Sanders
|
0-0: Foul Ball, location: 2F 0-1: SINGLE (Groundball, 2L) (infield hit) Pedro Molina to third Chris Osborn to second
|
Batting: RHB Ed Small
|
0-0: Fly out, F4 (Line Drive, 4M)
|
Top of the 7th over - 0 run(s), 1 hit(s), 0 error(s), 3 left on base; Waba 4 - Detroit 3 |
BOTTOM OF THE 7TH |
Detroit X-Wings batting - Pitching for Waba Ducks : LHP Felipe Rivera
|
Batting: SHB Felipe Detorres
|
0-0: Ball 1-0: Fly out, F3 (Popup, 3SF)
|
Batting: RHB Chet Decker
|
0-0: Called Strike 0-1: Ball 1-1: Ball 2-1: Called Strike 2-2: Ball 3-2: Foul Ball, location: 2F 3-2: Base on Balls
|
Pinch Hitting: RHB Yasuoka Tanaka
|
0-0: Fly out, F7 (Flyball, 7D)
|
Pinch Hitting: RHB Vincente Encarnación
|
0-0: Ball 1-0: Swinging Strike 1-1: Called Strike 1-2: Strikes out swinging
|
Bottom of the 7th over - 0 run(s), 0 hit(s), 0 error(s), 1 left on base; Waba 4 - Detroit 3 |
TOP OF THE 8TH |
Waba Ducks batting - Pitching for Detroit X-Wings : RHP Carlos Díaz
|
Pitching: RHP Gabriel Ruíz
|
|
Now at 2B: Yasuoka Tanaka
|
|
Now in LF: Vincente Encarnación
|
|
Batting: RHB Ramón Torres
|
0-0: SINGLE (Groundball, 6MD)
|
Batting: RHB Ángelo García
|
0-0: Sac Bunt - play at first, batter OUT! 5-4 Ramón Torres to second
|
Batting: RHB António Valdéz
|
0-0: Ball 1-0: Foul Ball, location: 2F 1-1: Swinging Strike 1-2: Foul Ball, location: 2F 1-2: Ball 2-2: Strikes out swinging
|
Batting: RHB Pedro Molina
|
0-0: Called Strike 0-1: Foul Ball, location: 2F 0-2: Foul Ball, location: 2F 0-2: Ball 1-2: Ground out 4-3 (Groundball, 13)
|
Top of the 8th over - 0 run(s), 1 hit(s), 0 error(s), 1 left on base; Waba 4 - Detroit 3 |
BOTTOM OF THE 8TH |
Detroit X-Wings batting - Pitching for Waba Ducks : LHP Felipe Rivera
|
Pitching: RHP Sergio Torres
|
|
Now at 3B: Ed Hunter
|
|
Batting: RHB Domingo Ávila
|
0-0: SINGLE (Line Drive, 89S)
|
Batting: RHB Ernesto Acosta
|
0-0: Called Strike 0-1: Ball 1-1: Fly out, F9 (Line Drive, 89S)
|
Pitching: LHP Alberto García
|
|
Batting: LHB Jeremy Cox
|
0-0: Bunted foul 0-1: Sac Bunt - play at first, batter OUT! 1-4 Domingo Ávila to second
|
Batting: LHB Luis Padilla
|
0-0: Foul Ball, location: 2F 0-1: Ball 1-1: Ball 2-1: Called Strike 2-2: Foul Ball, location: 2F 2-2: Foul Ball, location: 2F 2-2: Fly out, F7 (Flyball, 8LM)
|
Bottom of the 8th over - 0 run(s), 1 hit(s), 0 error(s), 1 left on base; Waba 4 - Detroit 3 |
TOP OF THE 9TH |
Waba Ducks batting - Pitching for Detroit X-Wings : RHP Gabriel Ruíz
|
Batting: RHB Don Keating
|
0-0: Called Strike 0-1: Foul Ball, location: 2F 0-2: Strikes out swinging
|
Batting: LHB Joaquín González
|
0-0: Foul Ball, location: 2F 0-1: Fly out, F7 (Line Drive, 78M)
|
Batting: RHB Chris Osborn
|
0-0: Ball 1-0: Hit by Pitch
|
Batting: LHB Joe Sanders
|
0-0: Called Strike 0-1: Ball 1-1: Ball 2-1: Foul Ball, location: 2F 2-2: Foul Ball, location: 2F 2-2: Ground out 3-1 (Groundball, 34)
|
Top of the 9th over - 0 run(s), 0 hit(s), 0 error(s), 1 left on base; Waba 4 - Detroit 3 |
BOTTOM OF THE 9TH |
Detroit X-Wings batting - Pitching for Waba Ducks : LHP Alberto García
|
Pitching: RHP Jared Cameron
|
|
Pinch Hitting: RHB Diego Ocampo
|
0-0: Ball 1-0: Foul Ball, location: 2F 1-1: Swinging Strike 1-2: Strikes out swinging
|
Batting: SHB Felipe Detorres
|
0-0: Ball 1-0: Foul Ball, location: 2F 1-1: Swinging Strike 1-2: Foul Ball, location: 2F 1-2: Strikes out looking
|
Batting: RHB Chet Decker
|
0-0: Ground out 6-3 (Groundball, 6)
|
Bottom of the 9th over - 0 run(s), 0 hit(s), 0 error(s), 0 left on base; Waba 4 - Detroit 3 |
|